 Dungeon Crawl Stone Soup version 0.30-a0-305-g026cb31310 (webtiles) character file.

Game seed: 9974111214157969626

417 greenreed the Poker (level 6, -4/39 (51) HPs)
             Began as a Gnoll Reaver on Oct 21, 2022.
             Slain by an ice beast (14 damage)
             ... on level 5 of the Dungeon.
             The game lasted 00:13:15 (4600 turns).

greenreed the Poker (Gnoll Reaver)                  Turns: 4600, Time: 00:13:15

HP:   -4/39 (51)    AC:  3    Str: 14    XL:     6   Next: 92%
MP:   13/14         EV: 13    Int: 12    God:
Gold: 177           SH:  0    Dex: 10    Spells: 13/16 levels left

rFire   . . .      SeeInvis .    i - +2 whip (flame)
rCold   . . .      Faith    .    (no shield)
rNeg    . . .      Spirit   .    b - +0 leather armour
rPois   .          Reflect  .    (no helmet)
rElec   .          Harm     .    (no cloak)
rCorr   .          Rampage  .    (no gloves)
Will    .....                    (no boots)
Stlth   ++........               (no amulet)
HPRegen 0.26/turn                (no ring)
MPRegen 0.14/turn                (no ring)

@: heavily drained
A: fangs 1, strong nose, distributed training
a: no special abilities


You were on level 5 of the Dungeon.
You visited 1 branch of the dungeon, and saw 5 of its levels.

You collected 177 gold pieces.

Inventory:

Hand Weapons
 a - a +0 spear
 g - a +0 trident
 i - a +2 whip of flaming (weapon)
Missiles
 x - 6 poisoned darts
Armour
 b - a +0 leather armour (worn)
 q - a +0 kite shield
Magical Staves
 p - a staff of conjuration
Wands
 e - a wand of quicksilver (7)
Scrolls
 c - a scroll of poison {unknown}
 f - 3 scrolls of immolation
 h - a scroll of vulnerability {unknown}
 j - 2 scrolls of amnesia
 l - a scroll of enchant armour {unknown}
 m - 3 scrolls of teleportation
 r - 2 scrolls of blinking {unknown}
 t - 2 scrolls of enchant weapon {unknown}
 u - a scroll of fear {unknown}
Potions
 d - 2 potions of haste
 k - 2 potions of heal wounds
 n - a potion of brilliance {unknown}
 o - 2 potions of mutation
 s - 2 potions of might {unknown}
 v - a potion of flight {unknown}
 w - a potion of degeneration {unknown}
 z - a potion of curing {unknown}


   Skills:
 + Level 5.1 Fighting
 + Level 2.2 Short Blades
 + Level 2.2 Long Blades
 + Level 2.2 Axes
 + Level 2.2 Maces & Flails
 + Level 6.9 Polearms
 + Level 2.2 Staves
 + Level 2.2 Ranged Weapons
 + Level 2.2 Throwing
 + Level 2.2 Armour
 + Level 5.1 Dodging
 + Level 2.2 Stealth
 + Level 2.2 Shields
 + Level 2.2 Unarmed Combat
 + Level 5.5 Spellcasting
 + Level 5.7 Conjurations
 + Level 1.8 Hexes
 + Level 1.8 Summonings
 + Level 1.8 Necromancy
 + Level 1.8 Translocations
 + Level 1.8 Transmutations
 + Level 1.8 Fire Magic
 + Level 1.8 Ice Magic
 + Level 1.8 Air Magic
 + Level 1.8 Earth Magic
 + Level 1.8 Poison Magic
 + Level 2.5 Invocations
 + Level 2.2 Evocations


You had 13 spell levels left.
You knew the following spells:

 Your Spells              Type           Power      Damage    Failure   Level
a - Kiss of Death         Conj/Necr      48%        2d9       4%          1
b - Momentum Strike       Conj/Tloc      24%        3d8       8%          2

Your spell library contained the following spells:

 Spells                   Type           Power      Damage    Failure   Level
 Apportation              Tloc           14%        N/A       11%         1
 Necrotise                Necr           28%        1d5       11%         1
 Summon Small Mammal      Summ           28%        N/A       11%         1
 Hailstorm                Conj/Ice       12%        3d5       14%         3


Dungeon Overview and Level Annotations

Branches:
Dungeon (5/15)
 Temple: D:4-7

Altars:
Ashenzari

Shops:
D:2 (

Annotations:
D:4 3 runed translucent doors, NinjaNoafa's ghost, weakling GnDe
D:5 Edmund


Innate Abilities, Weirdness & Mutations

You have very sharp teeth.
Your uncanny sense of smell can sniff out nearby items.
Your experience applies equally to all skills.


Message History

Level annotation: Edmund
There is a stone staircase leading up here.
An ice beast is nearby!
Your +2 whip of flaming bursts into flame!
i - a +2 whip of flaming (weapon)
There is a stone staircase leading up here.
Casting: Momentum Strike (safe; 8% risk of failure)
Confirm with . or Enter, or press ? or * to list all spells.
You can't see any susceptible monsters within range! (Use Z to cast anyway.) Unknown command.
Casting: Momentum Strike (safe; 8% risk of failure)
Confirm with . or Enter, or press ? or * to list all spells.
Aiming: Momentum Strike (safe; 8% risk of failure)
Press: ? - help, Dir - move target, f - ice beast
Aim: an ice beast (71% to hit)
The concentrated momentum hits the ice beast!
You are unable to move.
Casting: Momentum Strike (safe; 8% risk of failure)
Confirm with . or Enter, or press ? or * to list all spells.
Okay, then.
You closely miss the ice beast.
The ice beast is moderately wounded.
The ice beast closely misses you.
You hit the ice beast but do no damage.
The ice beast is moderately wounded.
The ice beast hits you. The ice beast freezes you!
You hit the ice beast.
You melt the ice beast.
The ice beast is heavily wounded.
The ice beast hits you. The ice beast freezes you!
* * * LOW HITPOINT WARNING * * *
You hit the ice beast but do no damage.
The ice beast is heavily wounded.
You are no longer robbed of momentum.
The ice beast hits you but does no damage.
You hit the ice beast.
You melt the ice beast.
The ice beast is severely wounded.
The ice beast hits you.
* * * LOW HITPOINT WARNING * * *
The ice beast freezes you!
You die...

... .##.... ..
...#....#
#.###........#
####.............
#..............#
#..#........#
##.........#
##..........###
#.....@........
.....##.Y........
.....##...........
......#.#......#..
........##.##.##
............###
......##..# .....>
...#..###.#
..?.@.[. #.##.Y#
#.#


You could see an ice beast.

Vanquished Creatures
  Sigmund (D:3)
  An ogre (D:2)
  A centaur (D:5)
  A phantom (D:5)
  2 scorpions
  A howler monkey (D:4)
  A hound (D:5)
  2 iguanas
  A gnoll (D:3)
  2 adders
  A white imp (D:5)
  A worm (D:5)
  4 dart slugs
  An orc (D:3)
  A ball python (D:2)
  6 bats
  6 endoplasms
  3 giant cockroaches
  3 hobgoblins
  8 jackals
  3 quokkas
  3 frilled lizards (D:1)
  3 goblins
  6 kobolds
  8 rats
70 creatures vanquished.

Vanquished Creatures (others)
  An ogre (D:4)
  An iguana (D:3)
  3 gnolls
  3 adders
  An endoplasm (D:4)
  A ball python (D:4)
  2 kobolds (D:4)
12 creatures vanquished.

Grand Total: 82 creatures vanquished

Notes
Turn   | Place    | Note
-------+----------+-------------------------------------------
     0 | D:1      | greenreed the Gnoll Reaver began the quest for the Orb.
     0 | D:1      | Reached XP level 1. HP: 20/20 MP: 6/6
   150 | D:1      | Reached XP level 2. HP: 23/26 MP: 7/7
   734 | D:1      | Reached skill level 5 in Spellcasting
   734 | D:1      | Reached XP level 3. HP: 29/31 MP: 7/9
  1088 | D:2      | Reached skill level 1 in Invocations
  1296 | D:2      | Learned a level 2 spell: Momentum Strike
  1433 | D:2      | Found Peoklop's Weapon Emporium.
  1443 | D:2      | Noticed an ogre
  1449 | D:2      | Killed an ogre
  1450 | D:2      | Reached skill level 1 in Short Blades
  1450 | D:2      | Reached skill level 1 in Long Blades
  1450 | D:2      | Reached skill level 1 in Axes
  1450 | D:2      | Reached skill level 1 in Maces & Flails
  1450 | D:2      | Reached skill level 1 in Staves
  1450 | D:2      | Reached skill level 1 in Ranged Weapons
  1450 | D:2      | Reached skill level 1 in Throwing
  1450 | D:2      | Reached skill level 1 in Armour
  1450 | D:2      | Reached skill level 1 in Stealth
  1450 | D:2      | Reached skill level 1 in Shields
  1450 | D:2      | Reached skill level 1 in Unarmed Combat
  1450 | D:2      | Reached skill level 1 in Hexes
  1450 | D:2      | Reached skill level 1 in Summonings
  1450 | D:2      | Reached skill level 1 in Necromancy
  1450 | D:2      | Reached skill level 1 in Translocations
  1450 | D:2      | Reached skill level 1 in Transmutations
  1450 | D:2      | Reached skill level 1 in Fire Magic
  1450 | D:2      | Reached skill level 1 in Ice Magic
  1450 | D:2      | Reached skill level 1 in Air Magic
  1450 | D:2      | Reached skill level 1 in Earth Magic
  1450 | D:2      | Reached skill level 1 in Poison Magic
  1450 | D:2      | Reached skill level 1 in Evocations
  1450 | D:2      | Reached XP level 4. HP: 31/38 MP: 7/11
  1734 | D:3      | Found a faded altar of an unknown god.
  1803 | D:3      | Noticed Sigmund
  1931 | D:3      | Found a broken altar of Ashenzari.
  1956 | D:3      | Killed Sigmund
  1957 | D:3      | Reached XP level 5. HP: 26/36 MP: 7/12
  3143 | D:4      | Found a runed translucent gate.
  3143 | D:4      | Found a runed translucent gate.
  3143 | D:4      | Found a runed translucent gate.
  3172 | D:4      | Noticed NinjaNoafa's ghost (weakling GnDe)
  3354 | D:4      | Noticed an ogre
  3363 | D:4      | Killed an ogre
  3573 | D:5      | Entered Level 5 of the Dungeon
  3577 | D:5      | Noticed Edmund
  3591 | D:4      | Reached XP level 6. HP: 28/48 MP: 7/13
  3870 | D:5      | Reached skill level 5 in Fighting
  3870 | D:5      | Reached skill level 5 in Dodging
  3940 | D:5      | Noticed an ice beast
  4600 | D:5      | Slain by an ice beast

Illustrated notes

Levels and vault maps discovered:
D:1:      lightli_arrival_windingriver, layout_loops_ring, nrook_loot_triangle
D:2:      layout_loops_ring, serial_shops, nicolae_shop_bloodbath_and_beyond
D:3:      layout_loops_corners, ashenzari_altar_1,
          chequers_ecumenical_altar_simple, minmay_misc_feat_four_crosses,
          uniq_sigmund
D:4:      layout_gridville, gammafunk_ghost_icy, lemuel_flame_loot_1
D:5:      layout_cave_pools, nicolae_inconvenience_store, uniq_menkaure,
          uniq_edmund

Skill      XL: |  1  2  3  4  5  6 |
---------------+-------------------+-----
Spellcasting   | 5 |  5.5
Invocations    | 1 2 |  2.5
Short Blades   | 1 2 |  2.2
Long Blades    | 1 2 |  2.2
Axes           | 1 2 |  2.2
Maces & Flails | 1 2 |  2.2
Staves         | 1 2 |  2.2
Ranged Weapons | 1 2 |  2.2
Throwing       | 1 2 |  2.2
Armour         | 1 2 |  2.2
Stealth        | 1 2 |  2.2
Shields        | 1 2 |  2.2
Unarmed Combat | 1 2 |  2.2
Hexes          | 1 |  1.8
Summonings     | 1 |  1.8
Necromancy     | 1 |  1.8
Translocations | 1 |  1.8
Transmutations | 1 |  1.8
Fire Magic     | 1 |  1.8
Ice Magic      | 1 |  1.8
Air Magic      | 1 |  1.8
Earth Magic    | 1 |  1.8
Poison Magic   | 1 |  1.8
Evocations     | 1 2 |  2.2
Fighting       | 5 |  5.1
Dodging        | 5 |  5.1
Polearms       | |  6.9
Conjurations   | |  5.7

Action                   |  1- 3 |  4- 6 || total
-------------------------+-------+-------++-------
Melee: Spear             |   171 |   211 ||   382
       Bite              |    14 |    16 ||    30
       Punch             |     1 |     2 ||     3
       Whip              |       |     5 ||     5
 Cast: Momentum Strike   |     1 |    26 ||    27
       Kiss of Death     |     1 |     4 ||     5
  Use: Scroll            |       |     6 ||     6
       Potion            |       |     1 ||     1
 Stab: Sleeping          |     2 |     3 ||     5
Armor: Leather armour    |    32 |    38 ||    70
Dodge: Dodged            |    60 |   122 ||   182

Table legend: (Time is in decaauts)
 A = Elapsed time spent in this place.
 B = Non-inter-level travel time spent in this place.
 C = Inter-level travel time spent in this place.
 D = Time resting spent in this place.
 E = Time spent auto-exploring this place.
 F = Levels seen in this place.
 G = Mean time per level.
                   A        B        C        D        E       F      G
               +--------+--------+--------+--------+--------+-----+--------+
         Total |   4521 |   4329 |    192 |    842 |   2659 |   5 |  904.2 |
       Dungeon |   4521 |   4329 |    192 |    842 |   2659 |   5 |  904.2 |
               +--------+--------+--------+--------+--------+-----+--------+

Top non-repeatable levels by time:
     D:3: 1224 daAuts
     D:4: 1039 daAuts
     D:1: 967 daAuts
     D:2: 863 daAuts
     D:5: 425 daAuts
